 Dungeon Crawl Stone Soup version 0.18.1-47-g9310371 (webtiles) character file.

65 juanjsm the Insei (level 4, -5/28 HPs)
             Began as an Octopode Transmuter on June 22, 2016.
             Killed by Freeze
             ... invoked by hannobal's ghost
              (10 damage)
             ... on level 3 of the Dungeon.
             The game lasted 00:04:48 (1763 turns).

juanjsm the Insei (Octopode Transmuter)             Turns: 1763, Time: 00:04:49

Health: -5/28      AC:  4    Str:  9    XL:     4   Next: 14%
Magic:  4/7        EV: 20    Int: 16    God:
Gold:   122        SH:  3    Dex: 17    Spells: 2 memorised, 3 levels left

rFire  . . .     SeeInvis .       - Unarmed
rCold  . . .     Gourm    .     (shield currently unavailable)
rNeg   . . .     Faith    .     (helmet currently unavailable)
rPois  x         Spirit   .     d - +3 amulet of reflection
rElec  .         Dismiss  .     h - +2 ring of protection
rCorr  .         Reflect  +     (no ring)
SustAt .         Harm     .     (no ring)
MR     .....                    (no ring)
Stlth  ++........               (no ring)
                                (no ring)
                                (no ring)
                                (no ring)

@: spider-form (expiring), not resistant to hostile enchantments, unstealthy
A: almost no armour, (amphibious), 8 rings, (constrict 8), (camouflage 0),
(gelatinous body 0)
a: End Transformation


You were on level 3 of the Dungeon.
You were not hungry.
You were a venomous arachnid creature.
You visited 1 branch of the dungeon, and saw 3 of its levels.

You collected 122 gold pieces.

Inventory:

Hand Weapons
 m - a +2 dagger of venom
Missiles
 a - 12 arrows
Jewellery
 d - a +3 amulet of reflection (around neck)
 h - a +2 ring of protection (left front leg)
Scrolls
 e - a scroll of blinking {unknown}
 f - a scroll of fog {unknown}
 i - a scroll of recharging {unknown}
 j - a scroll of remove curse {unknown}
 n - a scroll of teleportation {unknown}
 o - a scroll of random uselessness {unknown}
Potions
 g - a potion of degeneration {unknown}
 k - a potion of mutation {unknown}
Books
 b - a book of Changes

   Spells                             Type                      Level
   a - Beastly Appendage              Transmutation                1
   b - Sticks to Snakes               Transmutation                2
   c - Spider Form                    Transmutation/Poison         3
   d - Ice Form                       Ice/Transmutation            4
   e - Blade Hands                    Transmutation                5
Comestibles
 c - 2 bread rations
 l - a meat ration
 p - a beef jerky
 q - a chunk of flesh


   Skills:
 - Level 1.0 Fighting
 - Level 2.2 Dodging
 - Level 3.6 Unarmed Combat
 - Level 2.3 Spellcasting
 * Level 3.2 Transmutations


You had 3 spell levels left.
You knew the following spells:

 Your Spells              Type           Power        Failure   Level  Hunger
a - Beastly Appendage     Trmt           ##....       21%         1    #......
b - Spider Form           Trmt/Pois      #.........   56%         3    ###....


Dungeon Overview and Level Annotations

Branches:
Dungeon (3/15)

Altars:
Elyvilon

Annotations:
D:3 hannobal's ghost, amateur OpIE


Innate Abilities, Weirdness & Mutations

You cannot wear most types of armour.
((You are amphibious.))
You can wear up to eight rings at the same time.
((You can use your tentacles to constrict eight enemies at once.))
((Your skin changes colour to match your surroundings (Stealth).))
((Your rubbery body absorbs attacks (AC +1).))


Message History

Hannobal's ghost casts a spell at you.
You are frozen.
You hit hannobal's ghost.
Hannobal's ghost is lightly damaged.
Your transformation is almost over.
Hannobal's ghost casts a spell at you.
You are frozen.
* * * LOW HITPOINT WARNING * * *
You are too injured to fight recklessly!
You are too injured to fight recklessly!
You are too injured to fight recklessly!
You hit hannobal's ghost but do no damage.
Hannobal's ghost is lightly damaged.
Hannobal's ghost barely misses you.
You hit hannobal's ghost.
Hannobal's ghost is moderately damaged.
Hannobal's ghost whispers, "There is no future for you."
Hannobal's ghost stares at you and mumbles some strange words.
You are frozen.
You die...

........###
#.###
..........#
#.# ..# #<#.#
#.# ..##..#.#
#.#
..#.###.##.#
#.## ##...#
..###.###.####
......W#.##
#s## #.# ...
##.##
##########.#
.....)..<..#
############


You could see hannobal's ghost.

Vanquished Creatures
  4 adders (D:2)
  A dart slug (D:1)
  A worm (D:2)
  A giant gecko (D:1)
  2 bats
  3 goblins
  6 hobgoblins
  2 giant newts (D:2)
  3 kobolds (D:2)
  3 rats
26 creatures vanquished.

Notes
Turn   | Place    | Note
--------------------------------------------------------------
     0 | D:1      | juanjsm the Octopode Transmuter began the quest for the Orb.
     0 | D:1      | Reached XP level 1. HP: 13/13 MP: 3/3
   181 | D:1      | Reached XP level 2. HP: 14/18 MP: 3/5
   568 | D:2      | Reached XP level 3. HP: 20/23 MP: 3/6
   578 | D:2      | Learned a level 3 spell: Spider Form
   633 | D:3      | Noticed hannobal's ghost (amateur OpIE)
   664 | D:2      | HP: 1/23 [kobold/dagger (5)]
  1064 | D:2      | Found a white marble altar of Elyvilon.
  1404 | D:2      | Reached XP level 4. HP: 25/28 MP: 5/7
  1763 | D:3      | Killed from afar by hannobal's ghost

Skill      XL: |  1  2  3 |
---------------+----------+-----
Transmutations | 3 |  3.2
Fighting       | |  1.0
Dodging        | |  2.2
Unarmed Combat | |  3.6
Spellcasting   | |  2.3

Action                   |  1- 3 |  4- 6 || total
-------------------------+-------+-------++-------
Melee: Unarmed           |    50 |    13 ||    63
       Constrict         |    12 |     1 ||    13
       Tentacles         |    11 |       ||    11
       Kick              |    11 |     1 ||    12
 Cast: Beastly Appendage |    17 |     1 ||    18
       Spider Form       |       |     2 ||     2
 Stab: Sleeping          |     4 |       ||     4
  Eat: Chunk             |     1 |     2 ||     3
Armor: Skin              |     8 |     2 ||    10
Dodge: Dodged            |    25 |     5 ||    30
Block: Other             |     4 |       ||     4
